 Dungeon Crawl Stone Soup version 0.27.1-33-g824d729ab1 (webtiles) character file.

Game seed: 4705283188484067930

1402 comborobin the Skirmisher (level 8, -1/68 HPs)
             Began as a Palentonga Gladiator on Dec 27, 2021.
             Killed from afar by Dowan (8 damage)
             ... with a stone arrow
             ... on level 4 of the Dungeon.
             The game lasted 00:04:46 (5167 turns).

comborobin the Skirmisher (Palentonga Gladiator)    Turns: 5167, Time: 00:04:47

Health: -1/68      AC: 14    Str: 17    XL:     8   Next: 42%
Magic:  17/17      EV: 15    Int:  9    God:
Gold:   352        SH:  0    Dex: 16    Spells: 7/7 levels left

rFire    . . .     SeeInvis +   a - +0 quarterstaff
rCold    . . .     Faith    .   (shield currently unavailable)
rNeg     . . .     Spirit   .   b - +0 leather armour
rPois    .         Reflect  .   (helmet restricted)
rElec    .         Harm     .   f - +0 cloak
rCorr    .         Rampage  .   o - +0 pair of gloves
Will     .....                  (no barding)
Stlth    +.........             (no amulet)
HPRegen  0.21/turn              k - ring of magical power
MPRegen  0.15/turn              t - +4 ring of evasion

@: brilliant, curled up
A: large, rugged brown scales 3, see invisible, deformed body, roll 1, armoured
tail, reflexive curl, antennae 1, agile 1, screaming 1
a: Rolling Charge


You were on level 4 of the Dungeon.
You visited 1 branch of the dungeon, and saw 5 of its levels.

You collected 352 gold pieces.

Inventory:

Hand Weapons
 a - a +0 quarterstaff (weapon)
 s - a +2 dagger of flaming
 x - a +2 whip of freezing
 y - a +0 club
Missiles
 d - 2 throwing nets (quivered)
 j - 6 curare-tipped darts
Armour
 b - a +0 leather armour (worn)
 c - a +0 helmet
 f - a +0 cloak (worn)
 h - a scarf of harm
 o - a +0 pair of gloves (worn)
Jewellery
 k - a ring of magical power (left hand)
 p - a ring of magical power
 t - a +4 ring of evasion (right hand)
 u - a ring of wizardry
Wands
 z - a wand of flame (23)
 A - a wand of iceblast (10)
Scrolls
 g - 2 scrolls of teleportation
 l - 2 scrolls of magic mapping
 n - a scroll of fog
 v - a scroll of identify
Potions
 e - a potion of magic
 r - a potion of flight


   Skills:
 + Level 6.2 Fighting
 + Level 6.2 Staves
 - Level 1.3 Throwing
 + Level 4.2 Armour
 + Level 3.9 Dodging


You had 7 spell levels left.
You didn't know any spells.
Your spell library contained the following spells:

 Spells                   Type           Power      Damage    Failure   Level
 Animate Skeleton         Necr           0%         N/A       43%         1
 Apportation              Tloc           0%         N/A       43%         1
 Corona                   Hex            0%         N/A       43%         1
 Summon Small Mammal      Summ           0%         N/A       43%         1
 Call Imp                 Summ           0%         N/A       58%         2
 Ensorcelled Hibernation  Hex/Ice        0%         N/A       58%         2
 Passwall                 Tmut/Erth      0%         N/A       58%         2
 Spider Form              Tmut/Pois      0%         N/A       82%         3
 Swiftness                Air            0%         N/A       82%         3
 Animate Armour           Summ/Erth      0%         N/A       99%         4
 Lightning Bolt           Conj/Air       0%         1d11      100%        5
 Invisibility             Hex            0%         N/A       100%        6
 Shadow Creatures         Summ           N/A        N/A       100%        6
 Summon Horrible Things   Summ           0%         N/A       100%        8


Dungeon Overview and Level Annotations

Branches:
Dungeon (5/15)
 Temple: D:4-7

Altars:

Annotations:
D:4 Dowan


Innate Abilities, Weirdness & Mutations

You are completely covered in rugged brown scales. (AC +3, +7% HP)
You have supernaturally acute eyesight. (SInv)
Armour fits poorly on your strangely shaped body.
You can roll at nearby foes to attack.
You have a long armoured tail.
You curl defensively after being hit.
You have a pair of small antennae on your head.
You are agile. (Dex +2)
You occasionally shout uncontrollably at your foes.


Message History

Dowan says, "Her death will not be in vain!"
Dowan closely misses you.
Dowan hits you with a +1 dagger of venom.
Items here: ! ) [ †.
You sock Dowan!
Dowan is heavily wounded.
Dowan gestures wildly while chanting.
Dowan blinks!
Dowan says, "How can I live without her?"
Items here: ! ) [ †.
Throw: 3 throwing nets
Press: ? - help, Q - select action, (/) - cycle Shift-Dir - straight line, f - Dowan
Aim: Dowan, wielding a +1 dagger of venom and wearing a +0 robe (heavily wounded, fast, 53% to hit)
You throw a throwing net. The throwing net hits Dowan.
Dowan is caught in the net!
Dowan is heavily wounded.
Dowan casts a spell at you. The stone arrow hits you.
Dowan struggles against the net.
Unknown command.
Dowan struggles against the net.
Dowan struggles against the net.
Dowan casts a spell.
Dowan blinks!
Throw: 2 throwing nets
Press: ? - help, Q - select action, (/) - cycle Shift-Dir - straight line, f/p - Dowan
Aim: Dowan, wielding a +1 dagger of venom and wearing a +0 robe (heavily wounded, fast, 53% to hit)
You throw a throwing net. The throwing net hits Dowan.
Dowan is caught in the net!
Dowan is heavily wounded.
Unknown command.
Dowan gestures wildly while chanting.
Dowan blinks!
Dowan gestures at you while chanting. The shard of ice hits you!!
* * * LOW HITPOINT WARNING * * *
You see here a throwing net.
d - 2 throwing nets (gained 1) Dowan gestures at you while chanting.
The stone arrow hits you!
You die...

.##.##.##.# #.........#.#....#
....##.##<# #...##............
.#####.##.### ##.######.####...#
.#####.##...# #)# ### ##...
.......##...# ##.### #.##
###.........# #....# #.##
#.######.## #..#.# ##'## #.# #.#
#..#.# ##...# # #.######.#
#@.#.#### ##..... ###.##.....#
#e......# ##......
.##.#...##.#####.##....###.......
.+...................>...'.......
.####...###########....###.......
## ##.## #....#.###...... # #.#
#.###.## ##..... #.# #.# ###
##...# #.# #.# ##'##


You could see Dowan (fast).

Vanquished Creatures
  Pikel (D:3)
  Duvessa (D:4)
  A sky beast (D:5)
  A necrophage (D:3)
  A black bear (D:3)
  2 phantoms (D:4)
  A lemure (D:3)
  A bullfrog (D:4)
  2 scorpions (D:4)
  An iguana (D:4)
  An orc wizard (D:3)
  A killer bee zombie (D:5)
  2 hound skeletons (D:4)
  3 gnolls (D:4)
  4 adders
  An ufetubus (D:4)
  3 worms
  5 dart slugs
  2 orcs (D:3)
  4 ball pythons
  12 endoplasms
  9 giant cockroaches
  9 goblins
  6 hobgoblins
  2 jackals (D:1)
  3 quokkas
  5 bats
  5 frilled lizards
  9 kobolds
  10 rats
108 creatures vanquished.

Notes
Turn   | Place    | Note
-------+----------+-------------------------------------------
     0 | D:1      | comborobin the Palentonga Gladiator began the quest for the
                  | Orb.
     0 | D:1      | Reached XP level 1. HP: 17/17 MP: 1/1
   265 | D:1      | Reached XP level 2. HP: 22/23 MP: 2/2
   624 | D:1      | Got Xyrevirgh's Collected Works on Summoning and Feathers
   962 | D:1      | Reached XP level 3. HP: 28/28 MP: 3/3
  1768 | D:2      | Found a faded altar of an unknown god.
  2415 | D:2      | Reached XP level 4. HP: 35/35 MP: 4/4
  2609 | D:3      | Noticed a black bear
  2616 | D:3      | Killed a black bear
  2617 | D:3      | Reached skill level 5 in Staves
  2617 | D:3      | Reached skill level 1 in Armour
  2617 | D:3      | Reached XP level 5. HP: 30/41 MP: 5/5
  3166 | D:3      | Noticed a necrophage
  3180 | D:3      | Killed a necrophage
  3181 | D:3      | Reached XP level 6. HP: 45/51 MP: 6/6
  3782 | D:4      | Reached skill level 5 in Fighting
  3782 | D:4      | Gained mutation: You curl defensively after being hit.
                  | [Palentonga growth]
  3782 | D:4      | Reached XP level 7. HP: 53/59 MP: 7/7
  4006 | D:4      | Noticed Pikel
  4078 | D:3      | Killed Pikel
  4079 | D:3      | Reached XP level 8. HP: 33/68 MP: 8/8
  4929 | D:5      | Entered Level 5 of the Dungeon
  5057 | D:5      | Gained mutation: You occasionally shout uncontrollably at
                  | your foes. [potion of mutation]
  5057 | D:5      | Gained mutation: You are agile. (Dex +2) [potion of
                  | mutation]
  5057 | D:5      | Gained mutation: You have a pair of small antennae on your
                  | head. [potion of mutation]
  5112 | D:5      | Noticed Duvessa
  5112 | D:5      | Noticed Dowan
  5151 | D:4      | Killed Duvessa
  5167 | D:4      | Killed from afar by Dowan

Illustrated notes

Levels and vault maps discovered:
D:1:      noname_arrival_rooms_in_the_neighbourhood, layout_basic,
          minmay_pentomino_x2
D:2:      kennysheep_six_static_rooms, layout_loops_ring,
          hellmonk_ecumenical_altar_run_dry
D:3:      layout_basic
D:4:      layout_loops_corners, gup_sewer_entry_bowl, uniq_pikel
D:5:      layout_cave_pools, biasface_ghost_orc_armoury, dk_rats_in_the_wall,
          uniq_edmund, uniq_duvessa

Skill      XL: |  1  2  3  4  5  6  7  8 |
---------------+-------------------------+-----
Staves         | 4 5 6 |  6.2
Armour         | 1 2 3 4 |  4.2
Fighting       | 3 5 6 |  6.2
Dodging        | 3 |  3.9
Throwing       | |  1.3

Action                   |  1- 3 |  4- 6 |  7- 9 || total
-------------------------+-------+-------+-------++-------
Melee: Quarterstaff      |   109 |   117 |   130 ||   356
       Tailslap          |     7 |    15 |    22 ||    44
Throw: Throwing net      |       |       |     2 ||     2
  Use: Potion            |       |       |     8 ||     8
       Scroll            |       |       |     6 ||     6
Armor: Leather armour    |    58 |    34 |    59 ||   151
Dodge: Dodged            |    36 |    78 |   120 ||   234
